 Dungeon Crawl Stone Soup version 0.32-a0-18-g89e19f1974 (webtiles) character file.

Game seed: 16152030557893794172

201081 Laraso the Swashbuckler (level 19, -17/117 HPs)
             Began as a Kobold Enchanter on Jan 16, 2024.
             Was the Champion of Dithmenos.
             Killed by an exploding bloated husk (29 damage)
             ... on level 4 of the Swamp.
             The game lasted 01:09:34 (34519 turns).

Laraso the Swashbuckler (Kobold Enchanter)         Turns: 34519, Time: 01:09:34

Health: -17/117    AC: 17    Str:  3    XL:     19   Next: 23%
Magic:  37/37      EV: 39    Int: 15    God:    Dithmenos [******]
Gold:   2930       SH:  0    Dex: 37    Spells: 10/26 levels left

rFire   + . .        b - +9 quick blade (spect)
rCold   + . .        z - orb {guile}
rNeg    . . .        F - +5 steam dragon scales
rPois   .            U - +2 hat
rElec   .            Y - scarf {shadows}
rCorr   .            N - +2 pair of gloves
SInv    .            Q - +0 pair of boots of Maolaukau {+Inv rF+ rC+ MP+9}
Will    .....        L - amulet of regeneration Stlth *******+++
                     P - ring of flight
HPRegen 1.19/turn    s - +6 ring of dexterity
MPRegen 0.25/turn

%: no passive effects
@: flying, hasted, wreathed by umbra, very quick
A: small, no large weapons, nightstalker 3, beak, agile 2, MP-powered wands
}: 1/15 runes: gossamer
a: Renounce Religion, Evoke Invisibility, Shadow Step, Shadow Form


You were on level 4 of the Swamp.
You worshipped Dithmenos.
Dithmenos was exalted by your worship.
You visited 6 branches of the dungeon, and saw 31 of its levels.
You also visited: Ice Cave.

You collected 3612 gold pieces.
You spent 682 gold pieces at shops.

Inventory:

Hand Weapons
 b - a +9 spectral quick blade (weapon)
Armour
 z - an orb of guile (worn)
 F - +5 steam dragon scales (worn)
 N - a +2 pair of gloves (worn)
 Q - the +0 pair of boots of Maolaukau (worn) {+Inv rF+ rC+ MP+9}
   (You acquired it on level 5 of the Lair of Beasts)

   rF+:       It protects you from fire.
   rC+:       It protects you from cold.
   MP+9:      It affects your magic capacity (+9).
   +Inv:      It lets you turn invisible.
 U - a +2 hat (worn)
 Y - a scarf of shadows (worn)
Jewellery
 i - a +5 ring of evasion
 o - an amulet of magic regeneration
 s - a +6 ring of dexterity (right hand)
 B - a ring of resist corrosion
 E - the ring "Nuuleetu" {rF+ rC+ rN+}
   (You found it on level 13 of the Dungeon)

   [ring of protection from fire]

   rF+:       It protects you from fire.
   rC+:       It protects you from cold.
   rN+:       It protects you from negative energy.
 H - a ring of willpower
 L - an amulet of regeneration (around neck)
 P - a ring of flight (left hand)
Wands
 t - a wand of flame (35)
 w - a wand of digging (4)
 x - a wand of quicksilver (21)
 C - a wand of roots (10)
 K - a wand of polymorph (7)
 M - a wand of mindburst (15)
 O - a wand of charming (32)
Scrolls
 d - 11 scrolls of teleportation
 l - a scroll of torment
 r - 5 scrolls of poison
 y - a scroll of blinking
 A - 5 scrolls of revelation
 D - 7 scrolls of immolation
 G - 5 scrolls of vulnerability
 J - a scroll of fear
 S - 2 scrolls of butterflies
Potions
 a - 2 potions of ambrosia
 c - 2 potions of invisibility
 e - 4 potions of berserk rage
 f - a potion of attraction
 g - 4 potions of resistance
 h - 6 potions of enlightenment
 j - 6 potions of brilliance
 m - 12 potions of curing
 n - 2 potions of cancellation
 q - 5 potions of haste
 u - 6 potions of magic
 v - 3 potions of heal wounds
 T - a potion of mutation
Miscellaneous
 p - a phial of floods
 R - a lightning rod (4/4)
 V - a phantom mirror
 W - a sack of spiders
 X - a tin of tremorstones (2/2)


   Skills:
 * Level 12.4 Fighting
 - Level 20.0 Short Blades
 - Level 5.0 Armour
 - Level 16.0 Dodging
 - Level 16.0 Stealth
 - Level 4.0 Spellcasting
 - Level 4.0 Conjurations
 - Level 10.0 Hexes
 - Level 4.0 Ice Magic
 - Level 12.0 Invocations
 - Level 16.0 Evocations


You had 10 spell levels left.
You knew the following spells:

 Your Spells              Type           Power      Damage    Failure   Level
a - Ensorcelled Hibernat  Hex/Ice        48%        N/A       1%          2
b - Confusing Touch       Hex            33%        N/A       1%          3
c - Tukima's Dance        Hex            33%        N/A       1%          3
d - Dazzling Flash        Conj/Hex       48%        N/A       3%          3
e - Metabolic Englaciati  Hex/Ice        12%        N/A       28%         5

Your spell library contained the following spells:

 Spells                   Type           Power      Damage    Failure   Level
 Sigil of Binding         Hex            33%        N/A       1%          3
 Magic Dart               Conj           60%        1d6       3%          1
 Frozen Ramparts          Ice            30%        1d5       11%         3
 Ozocubu's Armour         Ice            15%        N/A       11%         3
 Anguish                  Hex/Necr       9%         N/A       22%         4
 Dimensional Bullseye     Hex/Tloc       9%         N/A       22%         4
 Blink                    Tloc           6%         N/A       26%         2
 Call Imp                 Summ           6%         N/A       26%         2
 Sublimation of Blood     Necr           3%         N/A       26%         2
 Call Canine Familiar     Summ           3%         N/A       47%         3
 Fugue of the Fallen      Necr           3%         N/A       47%         3
 Gell's Gravitas          Tloc           3%         N/A       47%         3
 Teleport Other           Tloc           3%         N/A       47%         3
 Animate Dead             Necr           3%         N/A       87%         4
 Ignite Poison            Fire/Alch      3%         N/A       87%         4
 Petrify                  Alch/Erth      3%         N/A       87%         4
 Sticky Flame             Fire/Alch      3%         2d4       87%         4
 Vhi's Electric Charge    Tloc/Air       6%         N/A       87%         4
 Arcjolt                  Conj/Air       4%         1d14      91%         5
 Irradiate                Conj/Alch      4%         3d13      91%         5
 Borgnjor's Vile Clutch   Necr/Erth      1%         N/A       99%         5
 Curse of Agony           Necr           3%         N/A       99%         5
 Death Channel            Necr           1%         N/A       100%        6
 Dispersal                Tloc           1%         N/A       100%        6
 Plasma Beam              Fire/Air       1%         2x1d11    100%        6
 Sculpt Simulacrum        Ice/Alch       4%         N/A       100%        6
 Borgnjor's Revivificati  Necr           1%         N/A       100%        8
 Ignition                 Fire           1%         3d3       100%        8
 Maxwell's Capacitive Co  Air            1%         ∞         100%        8


Dungeon Overview and Level Annotations

Branches:
Dungeon (15/15)            Temple (1/1) D:7            Lair (5/5) D:9
  Swamp (4/4) Lair:2       Spider (4/4) Lair:3        Slime (0/5) Lair:5
    Orc (2/2) D:11            Elf (0/3) Orc:2        Vaults (0/5) D:14
 Depths (0/4) D:15          IceCv (visited)

Altars:
Ashenzari
Cheibriados
Dithmenos
Elyvilon
Fedhas
Gozag
Hepliaklqana
Kikubaaqudgha
Makhleb
Nemelex Xobeh
Okawaru
Qazlal
Ru
Sif Muna
Trog
Uskayaw
Vehumet
Wu Jian
Xom
Yredelemnul
Zin
The Shining One

Shops:
D:2 [   D:12 ?   D:14 *   Orc:1 [   Orc:2 (*:=

Annotations:
D:10 2 transporters


Innate Abilities, Weirdness & Mutations

You are small and have problems with some larger weapons.
You are completely attuned to the shadows.
You have a beak for a mouth.
You are very agile. (Dex +8, Str/Int -2)
You expend magic power (3 MP) to strengthen your wands.


Message History

The blast of putrescent gases engulfs the phantom!!!
The phantom is destroyed!
The blast of putrescent gases engulfs the phantom!!
The phantom is destroyed!
The blast of putrescent gases engulfs the bloated husk!!
The bloated husk explodes!
The blast of putrescent gases engulfs the bloated husk!!
The blast of putrescent gases engulfs you!
The blast of putrescent gases engulfs the bloated husk!
The bloated husk explodes!
The blast of putrescent gases engulfs the bloated husk!!!
The blast of putrescent gases engulfs you!!
The blast of putrescent gases engulfs the phantasmal warrior!!
The bloated husk explodes!
The blast of putrescent gases engulfs the phantasmal warrior!!!
The phantasmal warrior is destroyed!
The blast of putrescent gases engulfs you!!!
* * * LOW HITPOINT WARNING * * *
A bog body comes into view.
A phantom comes into view.
A phantasmal warrior comes into view.
Unknown command.
You feel much better. The phantasmal warrior gestures at you.
The phantasmal warrior blinks!
A bloated husk comes into view. x3
You feel yourself speed up.
The bog body points at you and mumbles some strange words.
The bolt of cold hits the bloated husk!
The bloated husk resists.
The bolt of cold misses you.
A phantom comes into view.
The phantasmal warrior completely misses you.
The bloated husk attacks as it pursues you!
The bloated husk explodes!
The blast of putrescent gases engulfs the bloated husk!!
The blast of putrescent gases engulfs you!!
* * * LOW HITPOINT WARNING * * *
You hear an high-pitched explosion!
The bloated husk explodes!
The blast of putrescent gases engulfs you!!
You die...

♣.≈≈≈##≈..°..°##
♣≈≈≈#######°○.≈##
~. ♣≈≈≈#
###≈.≈###.≈≈
♣≈≈## ##~.....≈Z
♣### .. ##.....≈≈


WW# ####.≈≈# .nW####.†≈## .§n§§§#.≈## .§§§§@§≈## .§§§§§≈≈# #.§##§### ## ###
There were no monsters in sight!

Vanquished Creatures
  Nikola (Spider:3)
  Arachne (Spider:2)
  Jorgrun (D:15)
  Aizul (Spider:3)
  Donald (Orc:2)
  8 emperor scorpions
  5 ghost moths
  An orc warlord (Orc:1)
  3 broodmothers
  A stone giant (D:15)
  4 eleionomae
  The ghost of Newt the Markskobold, a journeyman KoHu of Hepliaklqana (D:15)
  A spark wasp (Spider:4)
  An ettin (Orc:2)
  Josephine (D:11)
  2 entropy weavers
  A fire dragon (Lair:5)
  9 hydras
  An ogre mage (D:14)
  An ice dragon (Lair:5)
  3 ghost crabs
  A catoblepas (D:13)
  A radroach (Spider:3)
  6 two-headed ogres
  7 alligators
  6 boulder beetles
  7 centaur warriors
  A death scarab (Spider:3)
  4 demonic crawlers
  4 tengu warriors
  6 spriggans
  A deep elf knight (D:13)
  Amaemon (D:9)
  5 skeletal warriors (D:12)
  2 skysharks
  6 pharaoh ants
  Lodul (D:12)
  A spriggan druid (Swamp:1)
  3 goliath frogs
  4 swamp dragons
  3 sun moths (Spider:4)
  16 orb spiders
  6 bog bodies
  13 steelbarb worms
  2 lindwurms
  A harpy (shapeshifter) (D:13)
  10 orc sorcerers
  4 oklob plants (Lair:3)
  8 orc knights
  16 wolf spiders
  6 will-o-the-wisps
  10 ugly things
  4 deep elf pyromancers
  A cyclops (D:13)
  2 manticores
  Maurice (D:11)
  14 elephants
  3 moths of wrath
  2 black mambas
  Joseph (D:8)
  2 meliai (Spider:3)
  A kobold blastminer (Orc:2)
  An eye of devastation (Lair:5)
  An ice statue (IceCv)
  2 centaur zombies (D:12)
  A black mamba (shapeshifter) (D:15)
  An orange demon (D:9)
  4 gargoyles
  9 cane toads
  10 torpor snails
  A cane toad (shapeshifter) (D:13)
  Jeremiah (D:8)
  Maggie (D:8)
  A kobold demonologist (D:12)
  6 rime drakes
  3 swamp worm zombies (Swamp:4)
  An efreet (D:14)
  7 komodo dragons
  3 anaconda simulacra (IceCv)
  3 freezing wraiths
  A bloated husk (Swamp:4)
  3 polar bears
  3 trolls
  13 hornets
  13 tyrant leeches
  7 blink frogs
  Prince Ribbit (D:9)
  A glass eye (Lair:5)
  13 tarantellas
  19 culicivoras
  29 jumping spiders
  3 shadows
  10 slime creatures
  9 wraiths
  A yak (shapeshifter) (D:15)
  50 yaks
  A vampire (D:12)
  4 tyrant leech zombies (Swamp:4)
  10 wargs
  13 humans (D:14)
  57 redbacks
  Grum (D:9)
  3 steam dragons
  10 vampire mosquitoes
  8 basilisks
  Menkaure (D:7)
  2 acid dragons
  7 water moccasins
  13 swamp worms
  3 harpy simulacra (IceCv)
  A hydra simulacrum (IceCv)
  2 swamp drakes
  3 ice beasts
  29 orc warriors
  A black bear (Lair:2)
  3 laughing skulls
  A boggart (D:13)
  11 ogres
  19 wolves
  5 centaurs
  A phantom (Swamp:4)
  3 kobold brigands
  10 scorpions
  4 two-headed ogre simulacra (IceCv)
  2 gnoll sergeants
  13 bullfrogs
  3 wights (D:9)
  3 elephant simulacra (IceCv)
  4 killer bees (D:9)
  A howler monkey (D:7)
  25 orc priests
  A bombardier beetle (D:6)
  2 gnoll boudas
  A hound (D:6)
  Terence (D:2)
  31 orc wizards
  3 iguanas
  A sleepcap (D:8)
  3 spriggan simulacra (IceCv)
  6 troll simulacra (IceCv)
  A polar bear simulacrum (IceCv)
  4 wolf simulacra (IceCv)
  15 gnolls
  8 adders
  6 naga simulacra (IceCv)
  2 shadow imps
  11 white imps
  12 ufetubi
  2 dart slugs
  3 ribbon worms
  125 orcs
  4 ball pythons
  9 endoplasms
  4 giant cockroaches
  7 goblins
  3 hobgoblins
  8 jackals
  4 quokkas
  6 bats
  2 frilled lizards (D:1)
  18 kobolds
  8 rats
1061 creatures vanquished.

Vanquished Creatures (collateral kills)
  An orc wizard (D:10)
  4 orcs
5 creatures vanquished.

Vanquished Creatures (others)
  A phantasmal warrior (Swamp:4)
  A meliai (Spider:3)
  6 bloated husks (Swamp:4)
  3 humans (D:14)
  4 dancing weapons
  4 phantoms (Swamp:4)
  3 orcs
  A spectral weapon (Spider:1)
23 creatures vanquished.

Grand Total: 1089 creatures vanquished

Notes
Turn   | Place    | Note
-------+----------+-------------------------------------------
     0 | D:1      | Laraso the Kobold Enchanter began the quest for the Orb.
     0 | D:1      | Reached XP level 1. HP: 10/10 MP: 3/3
   188 | D:1      | Reached skill level 2 in Short Blades
   203 | D:1      | Reached XP level 2. HP: 9/15 MP: 5/5
   255 | D:1      | Reached skill level 3 in Short Blades
   267 | D:1      | Learned a level 2 spell: Ensorcelled Hibernation
   432 | D:1      | Found a faded altar of an unknown god.
   480 | D:1      | Reached XP level 3. HP: 17/19 MP: 6/6
   700 | D:1      | Reached skill level 4 in Short Blades
  1020 | D:2      | Noticed Terence
  1032 | D:2      | Killed Terence
  1033 | D:2      | Reached skill level 5 in Short Blades
  1033 | D:2      | Reached XP level 4. HP: 10/24 MP: 4/7
  1405 | D:2      | Found Ajiyrizo's Armour Emporium.
  1483 | D:2      | Reached XP level 5. HP: 27/28 MP: 8/8
  1559 | D:2      | Learned a level 3 spell: Confusing Touch
  1563 | D:2      | Learned a level 3 spell: Tukima's Dance
  2130 | D:3      | Reached skill level 6 in Short Blades
  2743 | D:3      | Found a glowing golden altar of the Shining One.
  3467 | D:5      | Entered Level 5 of the Dungeon
  3726 | D:5      | Reached skill level 7 in Short Blades
  3794 | D:5      | Reached XP level 6. HP: 32/32 MP: 9/9
  4411 | D:6      | Found a radiant altar of Vehumet.
  4684 | D:6      | Noticed an ice beast
  4705 | D:6      | Reached skill level 5 in Hexes
  4705 | D:6      | Reached XP level 7. HP: 36/36 MP: 10/10
  4907 | D:6      | Found an opulent altar of Gozag.
  4960 | D:6      | Found a glowing silver altar of Zin.
  5178 | D:7      | Reached skill level 8 in Short Blades
  5235 | D:7      | Reached XP level 8. HP: 22/41 MP: 11/11
  5276 | D:7      | Reached skill level 9 in Short Blades
  5387 | D:7      | Found a staircase to the Ecumenical Temple.
  5398 | Temple   | Entered the Ecumenical Temple
  5531 | Temple   | Became a worshipper of Dithmenos the Shadowed
  5611 | D:7      | Learned a level 3 spell: Dazzling Flash
  5635 | D:7      | Noticed Menkaure
  5646 | D:7      | Killed Menkaure
  5647 | D:7      | Reached skill level 10 in Short Blades
  5647 | D:7      | Reached skill level 1 in Fighting
  6462 | D:7      | Reached skill level 1 in Armour
  6577 | D:7      | Found a stormy altar of Qazlal.
  6670 | D:8      | Reached XP level 9. HP: 52/52 MP: 12/12
  6791 | D:8      | Reached skill level 5 in Dodging
  6924 | D:8      | Noticed Jeremiah
  6928 | D:8      | Killed Jeremiah
  6994 | D:8      | Noticed Joseph
  6999 | D:8      | Killed Joseph
  6999 | D:8      | Reached * piety under Dithmenos
  7029 | D:8      | Found a burning altar of Makhleb.
  7066 | D:8      | Found a shimmering blue altar of Sif Muna.
  7168 | D:8      | Noticed Maggie
  7179 | D:8      | Killed Maggie
  7244 | D:8      | Noticed a two-headed ogre
  7247 | D:8      | Killed a two-headed ogre
  7248 | D:8      | Reached XP level 10. HP: 56/56 MP: 16/16
  7591 | D:9      | Reached skill level 1 in Conjurations
  7591 | D:9      | Reached skill level 1 in Ice Magic
  7609 | D:9      | Noticed a two-headed ogre
  7621 | D:9      | Killed a two-headed ogre
  7888 | D:9      | Noticed an elephant
  7901 | D:9      | Killed an elephant
  7942 | D:9      | Noticed Prince Ribbit
  7956 | D:9      | Killed Prince Ribbit
  7960 | D:9      | Reached XP level 11. HP: 59/61 MP: 17/17
  8057 | D:9      | Reached skill level 10 in Hexes
  8069 | D:9      | Reached ** piety under Dithmenos
  8097 | D:9      | Noticed Amaemon
  8510 | D:9      | Noticed Grum
  8529 | D:9      | Killed Grum
  8609 | D:9      | Found a hazy altar of Hepliaklqana.
  8644 | D:9      | Found a staircase to the Lair.
  8679 | D:9      | Killed Amaemon
  8681 | D:9      | Reached skill level 5 in Armour
  9007 | D:10     | Entered Level 10 of the Dungeon
  9022 | D:10     | Noticed a two-headed ogre
  9026 | D:10     | Killed a two-headed ogre
  9041 | D:10     | Found a transporter.
  9086 | D:10     | Found a transporter.
  9088 | D:10     | Noticed a boulder beetle
  9480 | D:10     | Noticed an orc knight
  9739 | D:10     | Killed an orc knight
  9800 | D:10     | Reached *** piety under Dithmenos
  9925 | D:10     | Noticed a centaur warrior
  9927 | D:10     | Noticed a catoblepas
  9941 | D:10     | Found a sacrificial altar of Ru.
 10071 | D:11     | Noticed a centaur warrior
 10094 | D:11     | Killed a centaur warrior
 10095 | D:11     | Reached XP level 12. HP: 45/66 MP: 18/18
 10227 | D:11     | Noticed a two-headed ogre
 10231 | D:11     | Killed a two-headed ogre
 10232 | D:11     | Reached skill level 10 in Dodging
 10715 | D:11     | Found a staircase to the Orcish Mines.
 10867 | D:11     | Noticed Josephine
 11373 | D:11     | Noticed Maurice
 11377 | D:11     | Killed Maurice
 11584 | Lair:1   | Entered Level 1 of the Lair of Beasts
 11588 | Lair:1   | Gained mutation: You are clumsy. (Dex -2) [potion of
                  | mutation]
 11588 | Lair:1   | Gained mutation: You are dopey. (Int -2) [potion of
                  | mutation]
 11588 | Lair:1   | Gained mutation: You have a pair of small horns on your
                  | head. [potion of mutation]
 11589 | Lair:1   | Lost mutation: You are dopey. (Int -2) [potion of mutation]
 11589 | Lair:1   | Lost mutation: You are clumsy. (Dex -2) [potion of
                  | mutation]
 11589 | Lair:1   | Gained mutation: You are dopey. (Int -2) [potion of
                  | mutation]
 11589 | Lair:1   | Gained mutation: You are clumsy. (Dex -2) [potion of
                  | mutation]
 11589 | Lair:1   | Gained mutation: You expend magic power (3 MP) to
                  | strengthen your wands. [potion of mutation]
 11590 | Lair:1   | Lost mutation: You are clumsy. (Dex -2) [potion of
                  | mutation]
 11590 | Lair:1   | Lost mutation: You have a pair of small horns on your head.
                  | [potion of mutation]
 11590 | Lair:1   | Lost mutation: You are dopey. (Int -2) [potion of mutation]
 11590 | Lair:1   | Gained mutation: You have a beak for a mouth. [potion of
                  | mutation]
 11590 | Lair:1   | Gained mutation: You are agile. (Dex +4, Str/Int -1)
                  | [potion of mutation]
 11590 | Lair:1   | Gained mutation: You are very agile. (Dex +8, Str/Int -2)
                  | [potion of mutation]
 11678 | Lair:1   | Reached skill level 5 in Fighting
 11710 | Lair:1   | Reached **** piety under Dithmenos
 11765 | Lair:1   | Reached skill level 5 in Stealth
 12570 | Lair:2   | Noticed a seven-headed hydra
 12574 | Lair:2   | Killed a seven-headed hydra
 12681 | Lair:2   | Identified the +1 leather armour of Shielding {Int+3 Dex+4}
 12748 | Lair:2   | Reached skill level 10 in Stealth
 12748 | Lair:2   | Reached XP level 13. HP: 74/74 MP: 19/19
 12923 | Lair:2   | Noticed a seven-headed hydra
 12928 | Lair:2   | Killed a seven-headed hydra
 12952 | Lair:2   | Found a staircase to the Swamp.
 13481 | Lair:3   | Found a hole to the Spider Nest.
 13833 | D:2      | Bought a +1 pair of gloves for 138 gold pieces
 14352 | Lair:3   | Reached skill level 15 in Stealth
 14360 | Lair:3   | Reached ***** piety under Dithmenos
 14577 | Lair:3   | Reached skill level 5 in Invocations
 15024 | Lair:3   | Identified the +7 shortbow of Dajecesa {flame, rC- Str+5}
 15508 | Lair:4   | Reached XP level 14. HP: 80/80 MP: 20/20
 16180 | Lair:4   | Found a sparkling altar of Nemelex Xobeh.
 16470 | Lair:5   | Entered Level 5 of the Lair of Beasts
 16861 | Lair:5   | Found a staircase to the Slime Pits.
 16921 | Lair:5   | Reached skill level 10 in Invocations
 17102 | Lair:5   | Identified a scroll of acquirement
 17103 | Lair:5   | Acquired the +0 pair of boots of Maolaukau {+Inv rF+ rC+
                  | MP+9}
 17280 | Lair:5   | Reached skill level 5 in Evocations
 18395 | Lair:5   | Paralysed by a hornet for 3 turns
 18509 | Lair:5   | Paralysed by a hornet for 2 turns
 19008 | D:12     | Found a frozen archway.
 19014 | IceCv    | Entered an ice cave
 19603 | IceCv    | Reached XP level 15. HP: 51/81 MP: 23/23
 19978 | D:11     | Killed Josephine
 20201 | Orc:1    | Entered Level 1 of the Orcish Mines
 20212 | Orc:1    | Reached ****** piety under Dithmenos
 20323 | Orc:2    | Entered Level 2 of the Orcish Mines
 20471 | Orc:2    | Paralysed by an orc sorcerer for 2 turns
 20474 | Orc:2    | Paralysed by an orc sorcerer for 3 turns
 20730 | D:12     | Reached skill level 10 in Evocations
 20920 | D:12     | Noticed Lodul
 20937 | D:12     | Killed Lodul
 21051 | D:12     | Identified the +8 great mace of the Badger {protect, rElec
                  | MP+9 Dex-2}
 21288 | D:12     | Found Kymn's Magic Scroll Shop.
 21293 | D:12     | Bought a scroll of identify for 32 gold pieces
 21293 | D:12     | Bought a scroll of blinking for 120 gold pieces
 21293 | D:12     | Bought a scroll of enchant armour for 120 gold pieces
 21442 | D:12     | Learned a level 5 spell: Metabolic Englaciation
 21542 | Orc:2    | Paralysed by an orc sorcerer for 2 turns
 21561 | Orc:1    | Paralysed by an orc sorcerer for 2 turns
 21815 | Orc:2    | Paralysed by an orc sorcerer for 4 turns
 22319 | Orc:2    | Found Enidghad's Jewellery Shoppe.
 22436 | Orc:2    | Found a burning altar of Makhleb.
 22476 | Orc:2    | Found a staircase to the Elven Halls.
 22736 | Orc:2    | Found Ischet's Book Emporium.
 22751 | Orc:2    | Found Ekodyg Yturi's General Store.
 22959 | Orc:2    | Found Wenaq's Weapon Shop.
 22960 | Orc:2    | Noticed Donald
 22965 | Orc:2    | Killed Donald
 23303 | Orc:1    | Noticed an orc warlord
 23312 | Orc:1    | Killed an orc warlord
 23922 | Orc:1    | Found Pumotzywe's Armour Boutique.
 24181 | D:13     | Reached skill level 15 in Evocations
 24185 | D:13     | Reached XP level 16. HP: 86/87 MP: 25/25
 24226 | D:13     | Identified the +10 mace of Guninneacs {freeze, rPois Dex+2}
 24968 | D:13     | Identified the ring "Nuuleetu" {rF+ rC+ rN+}
 25072 | D:14     | Found a gate to the Vaults.
 25578 | D:14     | Found Touskoar's Pet Rocks.
 25799 | D:15     | Entered Level 15 of the Dungeon
 25809 | D:15     | Found a staircase to the Depths.
 25826 | D:15     | Noticed Jorgrun
 25830 | D:15     | Killed Jorgrun
 25831 | D:15     | Reached skill level 10 in Fighting
 26124 | D:15     | Found a runed translucent gate.
 26126 | D:15     | Found a runed translucent gate.
 26126 | D:15     | Noticed Newt's ghost (journeyman KoHu)
 26127 | D:15     | Found a runed translucent gate.
 26176 | D:15     | Identified the +0 ring mail of Suesiq {rElec rN+++ rCorr
                  | MP-9}
 26920 | D:15     | Killed Newt's ghost
 27100 | Orc:2    | Bought a scroll of enchant weapon for 120 gold pieces
 27215 | D:12     | Bought a scroll of brand weapon for 152 gold pieces
 27417 | Spider:1 | Entered Level 1 of the Spider Nest
 27729 | Spider:1 | Noticed an emperor scorpion
 27737 | Spider:1 | Reached XP level 17. HP: 106/106 MP: 26/26
 29067 | Spider:2 | Noticed Arachne
 29074 | Spider:2 | Killed Arachne
 29247 | Spider:2 | Reached skill level 15 in Dodging
 29557 | Spider:2 | Found the +2 hat of the Bear Spirit {Spirit, Bear, *Rage
                  | Will++}
 29709 | Spider:3 | Identified the serpent talisman of Ytwi {+Blink Str-4 Dex+4
                  | Slay-2}
 29709 | Spider:3 | Noticed Aizul
 29713 | Spider:3 | Killed Aizul
 29882 | Spider:3 | Reached skill level 11 in Short Blades
 29883 | Spider:3 | Noticed Nikola
 30202 | Spider:3 | Reached skill level 12 in Short Blades
 30338 | Spider:3 | Got Sif Muna's Vademecum on the Viperous Icicle
 30889 | Spider:3 | Reached skill level 13 in Short Blades
 30983 | Spider:3 | Killed Nikola
 30984 | Spider:3 | Reached XP level 18. HP: 52/112 MP: 27/27
 31473 | Spider:4 | Entered Level 4 of the Spider Nest
 31532 | Spider:3 | Reached skill level 14 in Short Blades
 31861 | Spider:4 | Reached skill level 15 in Short Blades
 32099 | Spider:4 | Reached skill level 16 in Short Blades
 32137 | Spider:4 | Got a gossamer rune of Zot
 32349 | Spider:4 | Reached skill level 17 in Short Blades
 32617 | Swamp:1  | Entered Level 1 of the Swamp
 32742 | Swamp:1  | Reached skill level 18 in Short Blades
 33076 | Swamp:1  | Got Hyre's Almanac of Evil Secrets
 33739 | Swamp:2  | Reached skill level 19 in Short Blades
 34063 | Swamp:3  | Reached XP level 19. HP: 116/116 MP: 28/28
 34445 | Swamp:4  | Entered Level 4 of the Swamp
 34462 | Swamp:4  | Reached skill level 20 in Short Blades
 34519 | Swamp:4  | Killed by an exploding bloated husk

Illustrated notes

Levels and vault maps discovered:
D:1:      minmay_arrival_four_circles, layout_rooms,
          hellmonk_ecumenical_altar_zigzags, kennysheep_minor_cross,
          minmay_pentomino_u4
D:2:      layout_basic, serial_shops, nicolae_shop_rolling_square,
          kennysheep_generic_room_16, uniq_terence
D:3:      layout_loops_ring, tso_oasis_becter
D:4:      layout_loops_ring
D:5:      layout_loops_ring, serial_bayou_lagoon_a
D:6:      layout_basic, vehumet_altar_wand_db, zin_treasury,
          mainiacjoe_overflow_alcove_2
D:7:      layout_loops_ring, mainiacjoe_overflow_brackets,
          minmay_temple_entry_statues_pillars, uniq_menkaure
D:8:      layout_loops_ring, mainiacjoe_overflow_six_doors_small,
          hellmonk_sif_muna_bookshelves, uniq_jeremiah, uniq_joseph, uniq_maggie
D:9:      layout_long_grid, nzn_hepliaklqana_mist_gate,
          grunt_lair_entry_orc_guard_hut, uniq_prince_ribbit1, uniq_amaemon,
          uniq_grum
D:10:     gammafunk_the_bubble [the_bubble_gammafunk_crates], layout_small_grid,
          nicolae_overflow_hidden_temple, kennysheep_cross_room,
          minmay_statues_item, lightli_church_of_beogh
D:11:     layout_gridville, erik_orc_1, uniq_josephine, uniq_maurice
D:12:     layout_cave_pools, serial_shops, shop, serial_undead, serial_undead_a,
          serial_undead_b, serial_undead_c, serial_undead_b,
          portal_ice_cave_entry_pillars_2, drop_trap, uniq_lodul
D:13:     minmay_swirls_squares, layout_loops_ring
D:14:     layout_roguey, david_vaults_3, nicolae_concentric_dashed_squares_wild,
          guppyfry_shop_earth
D:15:     grunt_enter_depths_giant_problem, layout_basic,
          gammafunk_ghost_hydra_chop, nicolae_benzene_ring, uniq_jorgrun
Temple:   compressed_dpeg_triangle_lava_temple
Lair:1:   layout_chaotic_city, serial_bayou_shore_b
Lair:2:   layout_misc_corridors, skrybe_swamp_entry_bodies
Lair:3:   minmay_lair_oklob_tunnel, layout_long_grid,
          nicolae_spider_entry_non_spiders, infiniplex_staircase_pool_2
Lair:4:   layout_layer_cave, basic_altar
Lair:5:   guppyfry_lair_end_dragon, layout_cave_pods, wormcave,
          minmay_slime_entry_eyes
Swamp:1:  layout_basic_swamp, evilmike_swamp_ruin_house_3, swamp_pool_1_2,
          nicolae_swamp_feature_on_the_river_bank
Swamp:2:  layout_falls_marsh, evilmike_swamp_ruin_house_2
Swamp:3:  layout_falls_marsh, hangedman_swamp_ruin_wall, swamp_pool_1_2,
          nzn_swamp_dancing_lights, infiniplex_staircase_pool
Swamp:4:  swamp_pestilence, layout_basic_swamp, nicolae_swamp_tree_isthmus
Spider:1: layout_cave_pods
Spider:2: layout_spider_delve, nicolae_spider_twisty_arc_passages, uniq_arachne
Spider:3: layout_chambers, uniq_nikola, uniq_aizul
Spider:4: guppyfry_spider_rune
Orc:1:    layout_caves, basic_altar, serial_shops, shop
Orc:2:    st_orc_town, layout_caves, basic_altar, serial_shops,
          nicolae_shop_tiny_statue_garden, nicolae_orc_flooded_monolith,
          mines2_david, uniq_donald

Skill      XL: |  1  2  3  4  5  6  7  8  9 10 11 12 13 14 15 16 17 18 19 |
---------------+----------------------------------------------------------+-----
Short Blades   | 2 3 5 7 8 10 13 19 20 | 20.0
Hexes          | 5 6 7 8 10 | 10.0
Fighting       | 4 6 12 | 12.4
Armour         | 2 5 |  5.0
Dodging        | 3 6 9 12 16 | 16.0
Spellcasting   | 4 |  4.0
Invocations    | 4 7 11 12 | 12.0
Evocations     | 4 8 15 16 | 16.0
Conjurations   | 4 |  4.0
Ice Magic      | 4 |  4.0
Stealth        | 10 16 | 16.0

Action                     |  1- 3 |  4- 6 |  7- 9 | 10-12 | 13-15 | 16-18 | 19-21 || total
---------------------------+-------+-------+-------+-------+-------+-------+-------++-------
  Melee: Dagger            |    69 |   138 |   207 |   319 |   800 |   134 |       ||  1667
         Punch             |     1 |     1 |     4 |       |       |       |       ||     6
         Peck              |       |       |       |     2 |   191 |   178 |     9 ||   380
         Short sword       |       |       |       |       |    29 |       |       ||    29
         Quick blade       |       |       |       |       |       |   601 |    47 ||   648
   Cast: Ensorcelled Hiber |     9 |    15 |    68 |    90 |   206 |   102 |       ||   490
         Tukima's Dance    |       |     2 |       |     4 |     2 |       |       ||     8
         Confusing Touch   |       |       |     7 |    13 |    37 |    16 |       ||    73
         Dazzling Flash    |       |       |       |       |    10 |     8 |       ||    18
         Metabolic Englaci |       |       |       |       |     1 |     2 |       ||     3
 Invoke: Shadow Step       |       |       |       |       |     1 |     1 |       ||     2
Ability: Evoke Invisibilit |       |       |       |       |     6 |     4 |       ||    10
    Use: Scroll            |       |    11 |       |     9 |    16 |    15 |       ||    51
         Potion            |       |       |     2 |     3 |     4 |     4 |     2 ||    15
   Stab: Sleeping          |    19 |    27 |    45 |    95 |   257 |   224 |    26 ||   693
         Distracted        |       |     1 |       |     3 |     2 |    17 |     2 ||    25
         Confused          |       |       |     8 |    15 |    40 |    16 |       ||    79
         Invisible         |       |       |       |       |    20 |    36 |       ||    56
 Armour: Robe              |    29 |    51 |   106 |       |       |       |       ||   186
         Acid dragon scale |       |       |       |    15 |       |       |       ||    15
         Steam dragon scal |       |       |       |    47 |   148 |   102 |     6 ||   303
  Dodge: Dodged            |    59 |    70 |   185 |   220 |   779 |   606 |     3 ||  1922

Table legend: (Time is in decaauts)
 A = Elapsed time spent in this place.
 B = Non-inter-level travel time spent in this place.
 C = Inter-level travel time spent in this place.
 D = Time resting spent in this place.
 E = Time spent auto-exploring this place.
 F = Levels seen in this place.
 G = Mean time per level.
                   A        B        C        D        E       F      G
               +--------+--------+--------+--------+--------+-----+--------+
         Total |  33788 |  30510 |   3278 |   3034 |  21319 |  32 | 1055.9 |
       Dungeon |  15892 |  14265 |   1627 |   1050 |  10681 |  15 | 1059.5 |
        Temple |    201 |    171 |     30 |    135 |      0 |   1 |  201.0 |
          Lair |   7068 |   6230 |    838 |    563 |   4539 |   5 | 1413.6 |
         Swamp |   1850 |   1798 |     52 |      0 |   1468 |   4 |  462.5 |
   Spider Nest |   5029 |   4489 |    540 |    481 |   2902 |   4 | 1257.2 |
  Orcish Mines |   2847 |   2658 |    189 |    609 |   1286 |   2 | 1423.5 |
      Ice Cave |    898 |    898 |      0 |    196 |    442 |   1 |  898.0 |
               +--------+--------+--------+--------+--------+-----+--------+

Top non-repeatable levels by time:
  Lair:5: 2132 daAuts
    D:11: 1995 daAuts
   Orc:2: 1792 daAuts
Spider:3: 1690 daAuts
     D:9: 1575 daAuts
  Lair:4: 1460 daAuts
  Lair:3: 1441 daAuts
Spider:1: 1317 daAuts
     D:7: 1296 daAuts
     D:2: 1215 daAuts
Spider:2: 1165 daAuts
    D:15: 1154 daAuts
    D:10: 1120 daAuts
  Lair:1: 1079 daAuts
   Orc:1: 1054 daAuts
